 Dungeon Crawl Stone Soup version 0.20-a0-277-g7db01f4 (webtiles) character file.

1277 pkoi the Reanimator (level 8, -5/58 HPs)
             Began as a Demonspawn Necromancer on Dec 12, 2016.
             Slain by an orc priest
             ... wielding a +0 war axe
              (8 damage)
             ... on level 6 of the Dungeon.
             The game lasted 00:10:13 (5552 turns).

pkoi the Reanimator (Demonspawn Necromancer)        Turns: 5552, Time: 00:10:13

Health: -5/58      AC:  6    Str: 10    XL:     8   Next: 29%
Magic:  13/17      EV: 12    Int: 20    God:
Gold:   103        SH:  0    Dex: 15    Spells: 11/19 levels left

rFire  + . .     SeeInvis .     g - +0 whip (venom)
rCold  . . .     Gourm    .     a - +0 robe
rNeg   . . .     Faith    .     (no shield)
rPois  .         Spirit   .     p - +0 helmet
rElec  .         Reflect  .     e - +0 cloak
rCorr  .         Harm     .     q - +0 pair of gloves
MR     .....                    (no boots)
Stlth  ++........               (no amulet)
                                (no ring)
                                (no ring)

@: no status effects
A: hooves 2, rugged brown scales 1, agile 1, clever 1, demonic guardian 1, fire
resistance 1, powered by death 1, robust 1
a: no special abilities


You were on level 6 of the Dungeon.
You were hungry.

You visited 2 branches of the dungeon, and saw 7 of its levels.

You collected 103 gold pieces.

Inventory:

Hand Weapons
 g - a +0 whip of venom (weapon)
Armour
 a - a +0 robe (worn)
 e - a +0 cloak (worn)
 p - a +0 helmet (worn)
 q - a +0 pair of gloves (worn)
Scrolls
 d - 4 scrolls of identify
 h - a scroll of teleportation
 j - a scroll of fog
 k - a scroll of blinking
 l - a scroll of fear
 m - a scroll of noise {unknown}
 n - a scroll of enchant weapon {unknown}
 t - 2 scrolls of remove curse
Books
 b - a book of Necromancy

   Spells                             Type                      Level
   a - Pain                           Necromancy                   1
   b - Animate Skeleton               Necromancy                   1
   c - Vampiric Draining              Necromancy                   3
   d - Regeneration                   Charms/Necromancy            3
   e - Animate Dead                   Necromancy                   4
   f - Control Undead                 Necromancy                   4
 v - a book of Air

   Spells                             Type                      Level
   a - Shock                          Conjuration/Air              1
   b - Swiftness                      Charms/Air                   2
   c - Repel Missiles                 Charms/Air                   2
   d - Static Discharge               Conjuration/Air              3
   e - Lightning Bolt                 Conjuration/Air              5
Comestibles
 c - 4 bread rations
 f - 4 slices of pizza
 i - 3 meat rations
 r - a royal jelly
 s - 2 fruits


   Skills:
 - Level 1.7 Dodging
 - Level 1.7 Stealth
 + Level 6.4 Spellcasting
 - Level 3.0 Charms
 + Level 8.4 Necromancy


You had 11 spell levels left.
You knew the following spells:

 Your Spells              Type           Power        Failure   Level  Hunger
a - Pain                  Necr           ####         1%          1    None
b - Regeneration          Chrm/Necr      ####......   3%          3    ##.....
c - Animate Dead          Necr           N/A          3%          4    ####...


Dungeon Overview and Level Annotations

Branches:
Dungeon (6/15)             Temple (1/1) D:5

Altars:
Ashenzari
Cheibriados
Elyvilon
Gozag
Hepliaklqana
Nemelex Xobeh
Okawaru
Qazlal
Ru
Vehumet
Xom
Yredelemnul
Zin
The Shining One

Annotations:
D:5 kazak's ghost, novice FoFi


Innate Abilities, Weirdness & Mutations

You have hoof-like feet.
You are partially covered in rugged brown scales. (AC +1, +3% HP)
A weak demonic guardian rushes to your aid.
You regenerate a little health from kills.
You are agile. (Dex +2)
Your mind is acute. (Int +2)
Your flesh is heat resistant. (rF+)
You are robust. (+10% HP)


Message History

You swap places.
You hear some strange, mumbled words.
You are confused.
Something hits you.
* * * LOW HITPOINT WARNING * * *
The orc priest invokes the aid of Beogh against you.
Beogh smites you!
* * * LOW HITPOINT WARNING * * *
You bump into the rock wall.
Something hits you!
* * * LOW HITPOINT WARNING * * *
You closely miss your shadow imp. The orc priest completely misses you.
Your shadow imp barely misses something.
The orc hits you but does no damage. Something hits you but does no damage.
Unknown command.
It was a potion of cancellation.
Your magical effects are unravelling.
You feel magically purged.
You feel less confused. The orc priest hits you with a war axe!
You die...

........###### #.#
.............###..#
#.....#####...(..##
####### #...####
#...#.# #...###.##
...## #..##### ##
##.5.o.#####.##
#..5@o.........
.....####)#####.##
##### #).# ##.# ?.
..% .... ...#


You could see an orc priest, an orc, a friendly shadow imp and a friendly
ufetubus.

Vanquished Creatures
  A phantom (D:5)
  A black bear (D:4)
  4 ogres
  A crimson imp (D:5)
  A jelly (D:6)
  2 orc priests
  Ijyb (D:2)
  3 worker ants
  3 adders
  A shadow imp (D:5)
  A worm (D:4)
  A dart slug (D:1)
  A leopard gecko (D:3)
  6 orcs
  3 giant cockroaches
  6 goblins
  5 hobgoblins
  11 jackals
  9 kobolds
  3 quokkas
  4 bats
  A frilled lizard (D:3)
  9 rats
78 creatures vanquished.

Vanquished Creatures (collateral kills)
  Grinder (D:3)
  2 orc warriors
  A sky beast (D:5)
  An ogre (D:6)
  A centaur (D:5)
  A crimson imp (D:5)
  An orc wizard (D:4)
  A centaur skeleton (D:5)
  An orc (D:4)
  A frilled lizard (D:5)
11 creatures vanquished.

Grand Total: 89 creatures vanquished

Notes
Turn   | Place    | Note
-------+----------+-------------------------------------------
     0 | D:1      | pkoi the Demonspawn Necromancer began the quest for the Orb.
     0 | D:1      | Reached XP level 1. HP: 13/13 MP: 3/3
   274 | D:1      | Gained mutation: You have large cloven feet. [demonic ancestry]
   274 | D:1      | Reached XP level 2. HP: 8/19 MP: 1/5
   952 | D:1      | You fall through a shaft!
  1156 | D:2      | Reached skill level 5 in Necromancy
  1156 | D:2      | Gained mutation: You are partially covered in rugged brown scales. (AC +1, +3% HP) [demonic ancestry]
  1156 | D:2      | Reached XP level 3. HP: 17/24 MP: 1/7
  1264 | D:2      | Noticed Ijyb
  1272 | D:2      | Killed Ijyb
  1292 | D:2      | Learned a level 3 spell: Regeneration
  1939 | D:2      | Gained mutation: A weak demonic guardian rushes to your aid. [demonic ancestry]
  1939 | D:2      | Reached XP level 4. HP: 15/30 MP: 5/8
  2170 | D:3      | Found an opulent altar of Gozag.
  2172 | D:3      | Gained mutation: You evolve. [potion of beneficial mutation]
  2176 | D:3      | Found a radiant altar of Vehumet.
  2193 | D:3      | Noticed Grinder
  2204 | D:3      | Paralysed by Grinder for 3 turns
  2230 | D:3      | Killed Grinder
  2230 | D:3      | Reached XP level 5. HP: 14/36 MP: 8/10
  2281 | D:3      | Found a shattered altar of Ashenzari.
  2541 | D:3      | Found a glowing golden altar of the Shining One.
  2645 | D:3      | Found a snail-covered altar of Cheibriados.
  3233 | D:4      | Gained mutation: You regenerate a little health from kills. [demonic ancestry]
  3233 | D:4      | Reached XP level 6. HP: 39/42 MP: 7/11
  3239 | D:4      | HP: 2/42 [orc priest/flail (2)]
  3241 | D:4      | Reached skill level 6 in Necromancy
  3639 | D:4      | Gained mutation: You are agile. (Dex +2) [evolution]
  3639 | D:4      | Lost mutation: You evolve. [end of evolution]
  3766 | D:4      | Learned a level 4 spell: Animate Dead
  4141 | D:4      | Noticed an orc warrior
  4148 | D:4      | Killed an orc warrior
  4148 | D:4      | Gained mutation: You have hoof-like feet. [demonic ancestry]
  4148 | D:4      | Reached XP level 7. HP: 43/47 MP: 8/14
  4272 | D:4      | Reached skill level 5 in Spellcasting
  4471 | D:4      | Reached skill level 7 in Necromancy
  4489 | D:5      | Entered Level 5 of the Dungeon
  4566 | D:5      | Noticed kazak's ghost (novice FoFi)
  5043 | D:5      | Found a staircase to the Ecumenical Temple.
  5056 | Temple   | Entered the Ecumenical Temple
  5186 | D:5      | HP: 2/47 [kazak's ghost (12)]
  5396 | D:5      | Reached XP level 8. HP: 53/53 MP: 16/16
  5408 | D:6      | Reached skill level 8 in Necromancy
  5492 | D:6      | Gained mutation: You are robust. (+10% HP) [potion of beneficial mutation]
  5496 | D:6      | Gained mutation: Your mind is acute. (Int +2) [potion of beneficial mutation]
  5497 | D:6      | Gained mutation: Your flesh is heat resistant. (rF+) [potion of beneficial mutation]
  5550 | D:6      | HP: 2/58 [something (7)]
  5552 | D:6      | Slain by an orc priest

Vault maps used:
D:1:      dpeg_arrival_rooms_c, amethyst_killhole
D:2:      uniq_iyjb
D:3:      lemuel_doored_altar, nicolae_tso_swordbearing_angel,
          evilmike_ruin_ashenzari, grunt_temple_overflow_open,
          lemuel_flame_loot_1, uniq_grinder
D:4:      guppyfry_early_orc_mine
D:5:      marbit_many_paths, kennysheep_vampire_church,
          makhleb_altar_promises_db, first_bread, uniq_blork_the_orc
D:6:      fedhas_altar_4, kennysheep_big_empty_room, moated_statue
Temple:   dpeg_three_leaves_temple

Skill      XL: |  1  2  3  4  5  6  7  8 |
---------------+-------------------------+-----
Necromancy     | 5 6 7 8 |  8.4
Spellcasting   | 3 4 5 6 |  6.4
Charms         | 2 3 |  3.0
Dodging        | |  1.7
Stealth        | |  1.7

Action                   |  1- 3 |  4- 6 |  7- 9 || total
-------------------------+-------+-------+-------++-------
Melee: Whip              |    41 |    65 |    91 ||   197
       Kick              |    11 |    15 |    21 ||    47
 Cast: Pain              |    28 |    47 |    27 ||   102
       Regeneration      |       |     1 |       ||     1
       Animate Dead      |       |       |     3 ||     3
  Use: Scroll            |     6 |     1 |     1 ||     8
       Potion            |       |     3 |     8 ||    11
 Stab: Sleeping          |     1 |       |       ||     1
       Distracted        |       |     2 |       ||     2
  Eat: Chunk             |     3 |     7 |     3 ||    13
       Fruit             |       |       |     2 ||     2
Armor: Robe              |    11 |    26 |    30 ||    67
Dodge: Dodged            |    35 |    54 |    57 ||   146
